 Dungeon Crawl Stone Soup version 0.30.0-18-gc0e69614cb (webtiles) character file.

Game seed: 11859171398831110272

71085 howech the Slayer (level 14, -1/151 HPs)
             Began as a Minotaur Gladiator on May 25, 2023.
             Was an Initiate of Yredelemnul.
             Slain by a rust devil (2 damage)
             ... summoned by an orc high priest
             ... on level 2 of the Orcish Mines on May 26, 2023.
             The game lasted 01:30:49 (21016 turns).

howech the Slayer (Minotaur Gladiator)             Turns: 21016, Time: 01:30:50

Health: -1/151     AC:  3    Str: 22    XL:     14   Next: 96%
Magic:  29/29      EV: 15    Int:  7    God:    Yredelemnul [......]
Gold:   1318       SH:  0    Dex: 12    Spells: 13/13 levels left

rFire   . . .        a - +2 quarterstaff (spect)
rCold   . . .        (shield currently unavailable)
rNeg    . . .        r - +2 ring mail of Pigantit {rCorr MP+9}
rPois   .            c - +1 hat
rElec   .            m - +0 cloak
rCorr   +            (no gloves)
SInv    +            (no boots)
Will    +....        (no amulet)
Stlth   +            F - ring of see invisible
HPRegen 0.45/turn    (no ring)
MPRegen 0.21/turn

%: no passive effects
@: corroded
A: horns 2, retaliatory headbutt
a: Renounce Religion, Recall Undead Harvest


You were on level 2 of the Orcish Mines.
You worshipped Yredelemnul.
Yredelemnul was aware of your devotion.
You visited 4 branches of the dungeon, and saw 19 of its levels.

You collected 1318 gold pieces.

Inventory:

Hand Weapons
 a - a +2 spectral quarterstaff (weapon)
 D - a +0 quarterstaff
 J - the +5 halberd of Purpose {freeze, rN++}
   (You found it on level 9 of the Dungeon)

   rN:        It greatly protects you from negative energy.
Missiles
 k - 25 boomerangs (quivered)
 u - 3 atropa-tipped darts
 H - 12 poisoned darts
Armour
 b - a +0 leather armour
 c - a +1 hat (worn)
 j - a +2 scale mail of poison resistance
 m - a +0 cloak (worn)
 r - the +2 ring mail of Pigantit (worn) {rCorr MP+9}
   (You found it on level 3 of the Dungeon)

   MP:        It affects your magic capacity (+9).
   rCorr:     It protects you from acid and corrosion.
 x - a +0 chain mail
 B - a +1 ring mail of cold resistance
 L - a +0 pair of gloves
 M - a +0 pair of boots
 V - a +2 pair of gloves of infusion
Jewellery
 i - a ring of wizardry
 t - a ring of wizardry
 y - a ring of resist corrosion
 F - a ring of see invisible (left hand)
 N - a ring of wizardry
 P - a ring of resist corrosion
 Q - a ring of fire
 R - a ring of poison resistance
 T - the ring "Axeunn" {rC+ rN+}
   (You found it on level 5 of the Lair of Beasts)

   [ring of positive energy]

   rC:        It protects you from cold.
   rN:        It protects you from negative energy.
Wands
 n - a wand of iceblast (5)
 o - a wand of paralysis (24)
 q - a wand of mindburst (32)
 v - a wand of acid (6)
 C - a wand of flame (26)
 E - a wand of digging (13)
Scrolls
 d - 2 scrolls of amnesia
 f - 3 scrolls of teleportation
 h - 4 scrolls of fear
 l - 7 scrolls of identify
 p - 2 scrolls of magic mapping
 G - 5 scrolls of enchant armour
 K - a scroll of summoning
Potions
 e - 6 potions of ambrosia
 g - a potion of mutation
 s - 3 potions of magic
 w - a potion of haste
 z - a potion of resistance
 A - 3 potions of brilliance
 I - 2 potions of lignification
 S - a potion of attraction
 U - a potion of might
 W - a potion of heal wounds
Miscellaneous
 O - a lightning rod (4/4)


   Skills:
 + Level 21.5 Fighting
 - Level 14.0 Staves
 - Level 5.0 Throwing
 - Level 10.0 Armour
 - Level 10.0 Dodging
 - Level 10.0 Invocations


You had 13 spell levels left.
You didn't know any spells.
Your spell library contained the following spells:

 Spells                   Type           Power      Damage    Failure   Level
 Beastly Appendage        Tmut           0%         N/A       56%         1
 Freeze                   Ice            0%         1d3       56%         1
 Summon Small Mammal      Summ           0%         N/A       56%         1
 Poisonous Vapours        Pois/Air       0%         N/A       71%         2
 Wereblood                Tmut           0%         N/A       71%         2
 Call Canine Familiar     Summ           0%         N/A       90%         3
 Frozen Ramparts          Ice            0%         1d1       90%         3
 Hailstorm                Conj/Ice       0%         3d3       90%         3
 Mephitic Cloud           Conj/Pois/Air  0%         N/A       90%         3
 Portal Projectile        Hex/Tloc       0%         N/A       90%         3
 Spider Form              Tmut/Pois      0%         N/A       90%         3
 Stone Arrow              Conj/Erth      0%         3d7       90%         3
 Summon Guardian Golem    Hex/Summ       0%         N/A       90%         3
 Animate Armour           Summ/Erth      0%         N/A       100%        4
 Leda's Liquefaction      Hex/Erth       0%         N/A       100%        4
 Blade Hands              Tmut           0%         N/A       100%        5
 Freezing Cloud           Conj/Ice/Air   0%         6-21      100%        5
 Iron Shot                Conj/Erth      0%         9d1       100%        6
 Borgnjor's Revivificati  Necr           0%         N/A       100%        8
 Lehudib's Crystal Spear  Conj/Erth      0%         10d2      100%        8
 Necromutation            Tmut/Necr      0%         N/A       100%        8
 Death's Door             Necr           0%         N/A       100%        9


Dungeon Overview and Level Annotations

Branches:
Dungeon (11/15)            Temple (1/1) D:5            Lair (5/5) D:11
  Swamp (0/4) Lair:2       Spider (0/4) Lair:2        Slime (0/5) Lair:4
    Orc (2/2) D:10            Elf (0/3) Orc:2

Altars:
Ashenzari
Cheibriados
Dithmenos
Elyvilon
Fedhas
Gozag
Hepliaklqana
Kikubaaqudgha
Makhleb
Nemelex Xobeh
Okawaru
Qazlal
Ru
Sif Muna
Trog
Uskayaw
Vehumet
Wu Jian
Xom
Yredelemnul
Zin
The Shining One
Lugonu

Portals:
Abyss: Lair:5

Annotations:
D:11 3 runed translucent doors, Whoops's ghost, journeyman FoFi


Innate Abilities, Weirdness & Mutations

You have a pair of horns on your head.
You reflexively headbutt those who attack you in melee.


Message History

Your +2 spectral quarterstaff hits the ice devil but does no damage.
Your warg zombie bites the orc!
The orc dies!
The rust devil closely misses you.
The orc high priest hits you with a +0 halberd!
The orc priest mumbles some strange prayers to Beogh against you.
Beogh smites you!
The troll barely misses your +2 spectral quarterstaff.
The troll closely misses your +2 spectral quarterstaff.
The troll claws your +2 spectral quarterstaff!
Your +2 spectral quarterstaff disappears.
Unknown command.
Unknown command.
Your warg zombie bites the rust devil.
The ice devil barely misses you. The rust devil hits your warg zombie.
The rust devil corrodes your warg zombie!
The orc warrior hits your warg zombie with a +0 scimitar!!
The orc high priest calls down the wrath of Beogh upon you.
Pain shoots through your body!
Your warg zombie bites the orc warrior!
The ice devil misses you.
Your warg zombie misses the orc high priest.
The orc warrior barely misses your warg zombie.
The orc high priest barely misses your warg zombie.
The ogre closely misses you.
The orc warlord hits your warg zombie with a +3 great sword!!!
Your warg zombie is destroyed!
Your warg zombie bites the orc warrior.
The troll bites you!
* * * LOW HITPOINT WARNING * * *
The troll completely misses you. The troll claws you!
* * * LOW HITPOINT WARNING * * *
You hear a shout!
There is a stone staircase leading up, spattered with blood here.
Unknown command.
The ice devil hits you!
* * * LOW HITPOINT WARNING * * *
The ice devil freezes you!!
* * * LOW HITPOINT WARNING * * *
The rust devil hits you.
You die...
Your body rises from the dead as a mindless zombie.

.. .... ..
......... ...
.......... ...#
#.#....... ....##
##.........
......# ..........
..$....##...#....#
.........Zo.......
.......@44oo......
......4TO.oo...<..
.......ooo#)......
.#.$#....ooo......
#........o........
##................
##............$..
................
#................


You could see an orc warlord, an orc high priest, an ice devil (summoned), 2
rust devils, a troll, 5 orc warriors, an ogre, an orc priest (strong), 4 orcs
and a friendly warg zombie (corroded).

Vanquished Creatures
  Rupert (Lair:5)
  Gastronok (D:9)
  A dire elephant (Lair:5)
  8 hydras
  2 catoblepae (Lair:5)
  3 two-headed ogres (D:11)
  A tengu warrior (D:10)
  8 death yaks
  2 skysharks (Lair:5)
  2 lindwurms (Lair:5)
  2 manticores (Lair:5)
  3 orc sorcerers
  25 elephants
  Joseph (D:10)
  11 cane toads
  A black mamba (Lair:2)
  An unseen horror (D:11)
  7 rime drakes
  A kobold demonologist (D:11)
  4 komodo dragons
  A tengu conjurer (D:10)
  A queen bee (D:9)
  A troll (D:11)
  A hornet (D:8)
  4 dream sheep
  7 blink frogs
  A vampire (D:11)
  4 wyverns
  54 yaks
  3 wraiths
  2 basilisks
  A steam dragon (D:7)
  2 redbacks (Lair:2)
  A warg (Orc:2)
  2 swamp worms (Lair:2)
  3 acid dragons
  Duvessa (D:7)
  7 water moccasins
  9 orc warriors
  A black bear (D:6)
  An ice beast (D:7)
  3 ogres
  4 wolves (Lair:5)
  2 centaurs
  2 kobold brigands (D:8)
  15 bullfrogs
  2 scorpions
  4 wights (D:5)
  21 killer bees (D:9)
  An electric eel (Lair:1)
  5 howler monkeys
  3 jellies
  12 orc priests
  5 hounds
  A sleepcap (D:5)
  Terence (D:2)
  2 hell rats (Lair:5)
  2 iguanas (D:5)
  12 orc wizards
  A spectral electric eel (Lair:1)
  9 gnolls (D:5)
  8 adders
  3 shadow imps
  3 white imps
  An ufetubus (D:4)
  A worm (D:3)
  A dart slug (D:2)
  79 orcs
  3 bats
  10 endoplasms
  12 goblins
  10 hobgoblins
  26 kobolds
  4 quokkas
  10 ball pythons
  2 frilled lizards (D:1)
  3 goblin skeletons (D:5)
  2 goblin zombies (D:5)
  2 hobgoblin zombies (D:5)
  A kobold zombie (D:5)
  An orc skeleton (D:5)
  An orc zombie (D:5)
  2 rats
484 creatures vanquished.

Vanquished Creatures (collateral kills)
  A dire elephant (Lair:4)
  2 two-headed ogres (D:11)
  A catoblepas (Lair:4)
  4 death yaks
  A skyshark (Lair:5)
  15 elephants
  2 cane toads
  5 komodo dragons
  Prince Ribbit (D:7)
  3 blink frogs
  2 dream sheep (Lair:4)
  A spriggan (Lair:4)
  7 yaks
  2 wyverns
  A basilisk (Lair:5)
  A warg (Orc:2)
  A water moccasin (Lair:5)
  An orc warrior (D:10)
  An ice beast (D:8)
  A sky beast (D:7)
  An ogre (Orc:1)
  A bullfrog (Lair:1)
  Dowan (D:7)
  4 killer bees (D:9)
  2 iguanas (Lair:2)
  4 hell rats (Lair:5)
  10 orcs
  3 kobolds (D:8)
79 creatures vanquished.

Vanquished Creatures (others)
  4 death yak zombies (Lair:5)
  A hydra zombie (Lair:5)
  3 skyshark zombies (Lair:5)
  3 cane toad zombies
  A manticore zombie (Lair:5)
  A dream sheep zombie (Lair:5)
  8 elephant zombies
  3 blink frog zombies (Lair:5)
  3 komodo dragon zombies
  3 wyvern zombies
  A water moccasin zombie (Lair:1)
  A warg zombie (Orc:2)
  9 yak zombies
  2 wolf zombies (Lair:5)
  4 bullfrog zombies
  A centaur zombie (D:8)
  8 killer bee zombies (D:9)
  An ogre zombie (Orc:2)
  A sky beast zombie (D:7)
  2 ice beast zombies
  A hell rat zombie (Lair:5)
  A howler monkey zombie (D:7)
  A steam dragon zombie (D:7)
  An elf zombie (D:7)
  A jelly zombie (D:7)
  An adder zombie (D:6)
  A kobold zombie (D:8)
  25 orc zombies
  A lurking horror (Lair:5)
  8 spectral weapons
101 creatures vanquished.

Grand Total: 664 creatures vanquished

Notes
Turn   | Place    | Note
-------+----------+-------------------------------------------
     0 | D:1      | howech the Minotaur Gladiator began the quest for the Orb.
     0 | D:1      | Reached XP level 1. HP: 18/18 MP: 0/0
   101 | D:1      | Reached XP level 2. HP: 25/25 MP: 1/1
   200 | D:1      | Reached skill level 1 in Armour
   248 | D:1      | Reached XP level 3. HP: 24/30 MP: 2/2
   655 | D:2      | Reached skill level 3 in Fighting
   832 | D:2      | Noticed Terence
   844 | D:2      | Killed Terence
   845 | D:2      | Reached XP level 4. HP: 38/38 MP: 3/3
  1373 | D:3      | Reached skill level 5 in Staves
  1373 | D:3      | Reached XP level 5. HP: 45/45 MP: 4/4
  1700 | D:3      | Identified the +2 ring mail of Pigantit {rCorr MP+9}
  2378 | D:4      | Reached skill level 4 in Fighting
  2378 | D:4      | Reached XP level 6. HP: 42/52 MP: 5/5
  2959 | D:5      | Entered Level 5 of the Dungeon
  2980 | D:5      | Found a glowing silver altar of Zin.
  3493 | D:5      | Reached XP level 7. HP: 54/60 MP: 6/6
  3724 | D:5      | Found a glowing golden altar of the Shining One.
  4016 | D:5      | Found a staircase to the Ecumenical Temple.
  4025 | D:5      | Reached skill level 5 in Dodging
  4028 | D:5      | Reached skill level 5 in Fighting
  4469 | Temple   | Entered the Ecumenical Temple
  4600 | Temple   | Became a worshipper of Yredelemnul the Dark
  5009 | D:6      | Reached XP level 8. HP: 62/66 MP: 7/7
  5160 | D:6      | Reached * piety under Yredelemnul
  5170 | D:6      | Reached skill level 6 in Fighting
  5170 | D:6      | Reached skill level 5 in Armour
  5483 | D:6      | Found a blossoming altar of Fedhas.
  5604 | D:6      | Found a shadowy altar of Dithmenos.
  5755 | D:7      | Reached skill level 1 in Invocations
  5889 | D:7      | Noticed Duvessa
  5889 | D:7      | Noticed Dowan
  5900 | D:7      | Killed Dowan
  5901 | D:7      | Reached ** piety under Yredelemnul
  5906 | D:7      | Killed Duvessa
  6190 | D:7      | Noticed Prince Ribbit
  6202 | D:7      | Killed Prince Ribbit
  6203 | D:7      | Reached skill level 7 in Fighting
  6203 | D:7      | Reached skill level 10 in Staves
  6203 | D:7      | Reached XP level 9. HP: 63/79 MP: 9/9
  6369 | D:7      | Found a runed translucent door.
  6449 | D:7      | Found a hazy altar of Hepliaklqana.
  6477 | D:7      | Identified the +6 sling "Niteawk" {antimagic, Will- Str+3
                  | Dex+2 SInv}
  6884 | D:7      | Your ally Dowan died
  7519 | D:8      | Found a shimmering blue altar of Sif Muna.
  7519 | D:8      | Found a white marble altar of Elyvilon.
  7526 | D:8      | Reached skill level 8 in Fighting
  7723 | D:8      | Paralysed by a hornet for 1 turns
  8443 | D:9      | Reached XP level 10. HP: 78/90 MP: 12/12
  8531 | D:9      | Reached skill level 5 in Invocations
  8536 | D:9      | Reached *** piety under Yredelemnul
  8537 | D:9      | Reached skill level 9 in Fighting
  8564 | D:9      | Noticed Gastronok
  9134 | D:8      | Reached skill level 10 in Fighting
  9646 | D:9      | Killed Gastronok
  9647 | D:9      | Reached skill level 11 in Fighting
  9694 | D:9      | Identified the +5 halberd of Purpose {freeze, rN++}
  9914 | D:9      | Reached XP level 11. HP: 99/104 MP: 13/13
  9926 | D:9      | Reached skill level 12 in Fighting
 10471 | D:10     | Entered Level 10 of the Dungeon
 10493 | D:10     | Noticed a tengu warrior
 10508 | D:10     | Killed a tengu warrior
 10756 | D:10     | Reached skill level 13 in Fighting
 10800 | D:10     | Identified the +1 leather armour "Ciellip" {rElec Str-5
                  | Int+4}
 10944 | D:10     | Noticed Joseph
 10958 | D:10     | Killed Joseph
 11205 | D:10     | Found a staircase to the Orcish Mines.
 11569 | D:10     | Reached **** piety under Yredelemnul
 11863 | D:11     | Found a staircase to the Lair.
 11863 | D:11     | Noticed a two-headed ogre
 11872 | D:11     | Killed a two-headed ogre
 11875 | D:11     | Noticed a two-headed ogre
 11881 | D:11     | Killed a two-headed ogre
 11898 | D:11     | Noticed a two-headed ogre
 11905 | D:11     | Killed a two-headed ogre
 11907 | D:11     | Noticed a two-headed ogre
 11912 | D:11     | Killed a two-headed ogre
 12077 | D:11     | Found a runed translucent gate.
 12077 | D:11     | Found a runed translucent gate.
 12077 | D:11     | Found a runed translucent gate.
 12078 | D:11     | Noticed an 11-headed hydra
 12079 | D:11     | Noticed a nine-headed hydra
 12081 | D:11     | Noticed Whoops's ghost (journeyman FoFi)
 12117 | D:11     | Noticed a two-headed ogre
 12126 | D:11     | Killed a two-headed ogre
 12127 | D:11     | Reached skill level 5 in Throwing
 12127 | D:11     | Reached XP level 12. HP: 55/115 MP: 15/15
 12621 | Lair:1   | Entered Level 1 of the Lair of Beasts
 12907 | Lair:1   | Noticed a death yak
 12907 | Lair:1   | Noticed a death yak
 12910 | Lair:1   | Noticed a death yak
 12912 | Lair:1   | Noticed a death yak
 12917 | Lair:1   | Noticed a death yak
 12930 | Lair:1   | Reached skill level 14 in Fighting
 13048 | Lair:1   | Killed a death yak
 13060 | Lair:1   | Killed a death yak
 13073 | Lair:1   | Killed a death yak
 13079 | Lair:1   | Reached ***** piety under Yredelemnul
 13079 | Lair:1   | Killed a death yak
 13087 | Lair:1   | Killed a death yak
 14078 | Lair:2   | Found a hole to the Spider Nest.
 14212 | Lair:2   | Reached XP level 13. HP: 102/125 MP: 18/18
 14569 | Lair:2   | Reached skill level 15 in Fighting
 14575 | Lair:2   | Reached ****** piety under Yredelemnul
 14577 | Lair:2   | Found a staircase to the Swamp.
 14899 | Lair:3   | Reached skill level 10 in Armour
 16138 | Lair:4   | Reached skill level 10 in Dodging
 16138 | Lair:4   | Found a staircase to the Slime Pits.
 16476 | Lair:4   | Reached skill level 16 in Fighting
 16536 | Lair:4   | Reached skill level 10 in Invocations
 16624 | Lair:4   | Reached skill level 17 in Fighting
 16636 | Lair:4   | Noticed a dire elephant
 16647 | Lair:4   | HP: 5/132 [dire elephant (25)]
 16652 | Lair:4   | Killed a dire elephant
 17027 | Lair:4   | Found a shimmering altar of Xom.
 17078 | Lair:5   | Entered Level 5 of the Lair of Beasts
 17389 | Lair:5   | Reached XP level 14. HP: 124/141 MP: 20/20
 17404 | Lair:5   | Reached skill level 18 in Fighting
 17702 | Lair:5   | Identified the ring "Axeunn" {rC+ rN+}
 17707 | Lair:5   | Found a one-way gate to the infinite horrors of the Abyss.
 17713 | Lair:5   | Found a corrupted altar of Lugonu.
 18039 | Lair:5   | Noticed Rupert
 18051 | Lair:5   | Reached skill level 19 in Fighting
 18063 | Lair:5   | HP: 5/146 [death yak (18)]
 18065 | Lair:5   | HP: 2/142 [hell rat (3)]
 18075 | Lair:5   | HP: 6/144 [komodo dragon (28)]
 18082 | Lair:5   | HP: 1/146 [Rupert/+2 great mace of protection (7)]
 18085 | Lair:5   | Killed Rupert
 18530 | Lair:5   | Reached skill level 20 in Fighting
 18960 | Lair:5   | Reached skill level 21 in Fighting
 20350 | Orc:1    | Entered Level 1 of the Orcish Mines
 20934 | Orc:2    | Entered Level 2 of the Orcish Mines
 20934 | Orc:2    | Noticed an orc warlord
 20934 | Orc:2    | Found a staircase to the Elven Halls.
 21016 | Orc:2    | HP: 1/151 [ice devil[an orc high priest] (18)]
 21016 | Orc:2    | Slain by a rust devil

Illustrated notes

Levels and vault maps discovered:
D:1:      wander_arrival_estate, layout_rooms, chequers_arboretum
D:2:      layout_basic, uniq_terence
D:3:      layout_basic, serial_glass, glass_columns_a, glass_columns_b,
          glass_columns_b, glass_columns_a, minmay_diced_spiral
D:4:      layout_loops_ring, kennysheep_big_empty_room
D:5:      layout_loops_ring, marbit_many_paths, nicolae_tso_besieged_by_evil,
          minmay_temple_entry_nine_rooms
D:6:      layout_cave_pools, grunt_dithmenos_smoke, fedhas_ov_isle_minmay
D:7:      dreamdust_elfheim, layout_loops_cross,
          worldfamousw_hep_ancestral_shrine, lightli_church_of_beogh,
          uniq_prince_ribbit1
D:8:      layout_cave_pools, chequers_temple_overflow_statue_of_worship
D:9:      layout_cave_pools, special_room [special_room_bee], serial_park,
          serial_park_square3 [serial_park_minivault_5x5_7], serial_park_tiny_2,
          serial_park_tiny_pond, serial_park_square3
          [serial_park_minivault_5x5_1], uniq_gastronok
D:10:     layout_rooms, david_orc_5, uniq_joseph
D:11:     layout_long_grid, lair_entry_dummy, gammafunk_ghost_hydra_chop
Temple:   nicolae_temple_superstar
Lair:1:   layout_gridlike, serial_bayou_lagoon_a, grunt_megastairs_3,
          infiniplex_staircase_pool_2
Lair:2:   layout_hall_layers, palyth_hydra_swamp_entry, spider_nest_entry_a,
          chequers_serial_rivers_large_b, serial_bayou_shore_b
Lair:3:   layout_chaotic_city
Lair:4:   mu_elephants_graveyard, layout_cave_pods, dpeg_slime_entry_enclosed,
          basic_altar
Lair:5:   hangedman_lair_in_review, layout_regular_city,
          amcnicky_altar_lugonu_corruption, uniq_rupert
Orc:1:    layout_caves
Orc:2:    grunt_orc_tribal_feast, layout_caves

Skill      XL: |  1  2  3  4  5  6  7  8  9 10 11 12 13 14 |
---------------+-------------------------------------------+-----
Staves         | 4 5 6 7 10 12 14 | 14.0
Armour         | 1 2 3 4 5 7 9 10 | 10.0
Fighting       | 3 4 5 7 8 11 13 14 17 21 | 21.5
Dodging        | 4 5 6 9 10 | 10.0
Throwing       | 3 5 |  5.0
Invocations    | 2 4 5 6 8 10 | 10.0

Action                     |  1- 3 |  4- 6 |  7- 9 | 10-12 | 13-15 || total
---------------------------+-------+-------+-------+-------+-------++-------
  Melee: Quarterstaff      |    84 |   143 |   337 |   353 |   475 ||  1392
         Headbutt          |    10 |    23 |    67 |    96 |   158 ||   354
  Throw: Throwing net      |     1 |       |     2 |       |       ||     3
         Javelin           |       |       |     1 |     2 |       ||     3
         Boomerang         |       |       |     1 |    46 |     9 ||    56
         Dart              |       |       |       |     3 |       ||     3
 Invoke: Recall Undead Har |       |       |     2 |       |     5 ||     7
         Dark Bargain      |       |       |       |     3 |       ||     3
         Drain Life        |       |       |       |       |     1 ||     1
         Bind Soul         |       |       |       |       |     1 ||     1
  Evoke: Wand              |       |       |       |    19 |     2 ||    21
    Use: Scroll            |     4 |     6 |     7 |    11 |     5 ||    33
         Potion            |       |       |     2 |     4 |     6 ||    12
   Stab: Held in net/web   |     2 |       |       |       |       ||     2
         Sleeping          |       |     2 |       |       |       ||     2
         Distracted        |       |       |     2 |     4 |    16 ||    22
         Petrified         |       |       |       |       |     2 ||     2
 Armour: Leather armour    |    25 |    29 |    19 |       |       ||    73
         Ring mail         |       |       |    84 |   105 |   108 ||   297
  Dodge: Dodged            |    63 |    78 |   169 |   186 |   241 ||   737
